 Dungeon Crawl Stone Soup version 0.13-a0-2676-gd993d8a (webtiles) character file.

5152 4tharraofdagon the Grappler (level 10, -1/96 HPs)
             Began as a Troll Monk on Aug 12, 2013.
             Was a Priest of the Shining One.
             Slain by a killer bee (2 damage)
             ... while paralysed by a potion of paralysis
             ... on Level 11 of the Dungeon.
             The game lasted 00:14:07 (2874 turns).

4tharraofdagon the Grappler (Troll Monk)            Turns: 2874, Time: 00:14:08

HP  -1/96        AC  5     Str 22      XL: 10   Next: 22%
MP  13/13        EV  1     Int  8      God: the Shining One [***...]
Gold 432         SH  0     Dex 12      Spells:  0 memorised, 17 levels left

Res.Fire  : . . .   See Invis. : .     - Unarmed
Res.Cold  : . . .   Warding    : .   a - +0 robe
Life Prot.: + . .   Conserve   : .   (shield restricted)
Res.Poison: .       Res.Corr.  : .   (helmet restricted)
Res.Elec. : .       Clarity    : .   (no cloak)
Sust.Abil.: . .     Spirit.Shd : .   (gloves unavailable)
Res.Mut.  : .       Stasis     : .   (boots unavailable)
Res.Rott. : .       Flight     : .   (no amulet)
Gourmand  : +                        r - ring of protection from magic
                                     d - +1 ring of evasion

@: paralysed, very poisoned, glowing, quite resistant to hostile enchantments,
very unstealthy
A: unfitting armour, claws 3, fast metabolism 3, gourmand, regeneration 2,
saprovore 2, tough skin 2, AC +1
a: Divine Shield, Renounce Religion


You were on level 11 of the Dungeon.
You worshipped the Shining One. the Shining One was greatly pleased with you.
You were full.

You visited 1 branch of the dungeon, and saw 11 of its levels.

You collected 432 gold pieces.

Inventory:

Hand weapons
 v - a cursed -1 blowgun
Missiles
 w - 16 darts of dispersal (quivered)
 G - 3 large rocks
Armour
 a - a +0 robe (worn)
Magical devices
 q - a wand of confusion (9) {unknown}
 x - a wand of random effects (11) {unknown}
 C - a wand of confusion (13) {unknown}
 E - a wand of enslavement (11) {unknown}
Comestibles
 b - 3 meat rations
 i - 2 apples
 n - a pear
 o - 10 grapes
 t - 3 bread rations
 F - a banana
Scrolls
 c - a scroll of immolation {unknown}
 e - 2 scrolls of remove curse
 f - a scroll of fog {unknown}
 g - a scroll of blinking {unknown}
 k - 2 scrolls of identify
 l - 2 scrolls of random uselessness {unknown}
 m - a scroll of curse armour {unknown}
 u - 3 scrolls of enchant weapon II {unknown}
 y - 2 scrolls of enchant armour {unknown}
 B - 2 scrolls of fear {unknown}
 D - a scroll of teleportation {unknown}
Jewellery
 d - a +1 ring of evasion (left claw)
 h - an uncursed ring of magical power
 r - a ring of protection from magic (right claw)
 s - an uncursed ring of sustain abilities
Potions
 z - a potion of flight
 A - a potion of brilliance
Books
 j - a book of Frost

   Spells                             Type                      Level
   Freeze                             Ice                          1
   Throw Frost                        Conjuration/Ice              2
   Ozocubu's Armour                   Charms/Ice                   3
   Throw Icicle                       Conjuration/Ice              4
   Summon Ice Beast                   Ice/Summoning                4
   Condensation Shield                Ice                          4


   Skills:
 + Level 6.9 Fighting
 - Level 2.4 Dodging
 - Level 1.1 Stealth
 * Level 11.4 Unarmed Combat
 - Level 4.3 Spellcasting


You had 17 spell levels left.
You didn't know any spells.

Dungeon Overview and Level Annotations

Branches:
Dungeon (11/27)            Temple (0/1) D:5             Orc (0/4) D:10
   Lair: D:8-13

Altars:
Ashenzari
Elyvilon
Kikubaaqudgha
Trog
the Shining One

Annotations
D:8 Eustachio


Innate Abilities, Weirdness & Mutations

You are too large for most types of armour.
You have claws for hands.
Your metabolism is lightning-fast.
You like to eat raw meat.
You heal very quickly.
You can eat rotten meat.
You are covered in fur (AC +1).
You have very tough skin (AC +2).


Message History

You feel very sick. The killer bee stings you.
* * * LOW HITPOINT WARNING * * *
You are more poisoned.
The killer bee poisons you! The killer bee closely misses you.
The killer bee stings you.
* * * LOW HITPOINT WARNING * * *
Unknown command.
Drink which item? (? for menu, Esc to quit)
Okay, then.
Read which item? (? for menu, Esc to quit)
Okay, then.
Drink which item? (? for menu, Esc to quit)
You suddenly lose the ability to move!
It was a potion of paralysis.
* * * LOW HITPOINT WARNING * * *
You feel very sick. The killer bee stings you.
* * * LOW HITPOINT WARNING * * *
The killer bee stings you.
You die...

.# ... .....
.....#### ..k.....#
#....# #....######
###...k.#...#
#.......#@..# .#.
#.......kk..#
..................##
..................#
..................#
.................##
.................#
.................#
.............#####


You could see 2 killer bees.

Vanquished Creatures
  A troll (D:9)
  A shadow (D:9)
  6 yaks (D:10)
  A hill giant skeleton (D:10)
  A necrophage (D:8)
  2 hungry ghosts
  Edmund (D:4)
  A sky beast (D:5)
  2 orc warriors
  A yellow wasp (D:6)
  4 ogres
  4 ice beasts
  A manticore zombie (D:7)
  A cyclops skeleton (D:9)
  9 killer bees
  5 wights (D:11)
  A hippogriff skeleton (D:9)
  2 orc priests (D:4)
  4 crimson imps
  A quasit (D:9)
  2 goliath beetles
  3 iguanas
  5 hounds
  A scorpion (D:5)
  2 worker ants
  4 orc wizards
  2 ogre skeletons
  A jelly (D:5)
  10 adders
  A giant centipede (D:7)
  A worm zombie (D:5)
  An inept feature mimic (D:3)
  3 worms
  4 giant eyeballs
  A giant gecko (D:3)
  35 orcs
  A bat skeleton (D:4)
  4 giant cockroaches
  11 hobgoblins
  9 jackals
  5 bats
  A giant gecko skeleton (D:7)
  8 goblins
  9 kobolds
  A quokka (D:4)
  4 rats
178 creatures vanquished.

Notes
Turn   | Place    | Note
--------------------------------------------------------------
     0 | D:1      | 4tharraofdagon, the Troll Monk, began the quest for the Orb.
     0 | D:1      | Reached XP level 1. HP: 20/20 MP: 0/0
    62 | D:2      | Reached XP level 2. HP: 28/28 MP: 0/0
   233 | D:2      | Found a glowing golden altar of the Shining One.
   240 | D:2      | Became a worshipper of the Shining One
   240 | D:2      | Acquired the Shining One's first power
   240 | D:2      | Acquired the Shining One's second power
   260 | D:2      | Reached XP level 3. HP: 32/36 MP: 1/1
   389 | D:3      | Reached skill level 5 in Unarmed Combat
   401 | D:3      | Found an ancient bone altar of Kikubaaqudgha.
   402 | D:3      | Found a bloodstained altar of Trog.
   424 | D:4      | Reached XP level 4. HP: 41/44 MP: 1/1
   623 | D:4      | Reached XP level 5. HP: 39/52 MP: 1/1
   646 | D:4      | Found a shattered altar of Ashenzari.
   649 | D:4      | Noticed Edmund
   672 | D:4      | Killed Edmund
   672 | D:4      | Reached skill level 6 in Unarmed Combat
   672 | D:4      | Reached skill level 1 in Spellcasting
   672 | D:4      | Reached XP level 6. HP: 59/59 MP: 3/3
   750 | D:4      | Noticed an orc warrior
   761 | D:4      | Killed an orc warrior
   786 | D:4      | Found a white marble altar of Elyvilon.
   838 | D:5      | Entered Level 5 of the Dungeon
   877 | D:5      | Paralysed by a giant eyeball for 2 turns
   883 | D:5      | Found a staircase to the Ecumenical Temple.
   926 | D:5      | Reached skill level 7 in Unarmed Combat
   926 | D:5      | Reached XP level 7. HP: 51/67 MP: 4/4
  1075 | D:5      | Paralysed by a giant eyeball for 4 turns
  1238 | D:7      | Reached skill level 8 in Unarmed Combat
  1238 | D:7      | Reached XP level 8. HP: 52/76 MP: 5/6
  1331 | D:6      | Reached skill level 5 in Fighting
  1340 | D:6      | HP: 1/78 [ice beast (11)]
  1622 | D:9      | Reached skill level 9 in Unarmed Combat
  1758 | D:10     | Entered Level 10 of the Dungeon
  1777 | D:10     | Found a staircase to the Orcish Mines.
  1810 | D:10     | Paralysed by a giant eyeball for 2 turns
  1814 | D:10     | Paralysed by a giant eyeball for 2 turns
  1844 | D:10     | Reached XP level 9. HP: 79/85 MP: 10/10
  1872 | D:10     | Paralysed by a giant eyeball for 3 turns
  1879 | D:10     | Paralysed by a giant eyeball for 4 turns
  1886 | D:10     | Paralysed by a giant eyeball for 4 turns
  2186 | D:8      | Reached skill level 10 in Unarmed Combat
  2304 | D:8      | Noticed Eustachio
  2543 | D:10     | Reached skill level 11 in Unarmed Combat
  2543 | D:10     | Reached XP level 10. HP: 80/96 MP: 10/13
  2874 | D:11     | Paralysed by a potion of paralysis for 3 turns
  2874 | D:11     | HP: 3/96 [poisoned by a killer bee]
  2874 | D:11     | HP: 1/96 [killer bee (2)]
  2874 | D:11     | Slain by a killer bee

Action                   |  1- 3 |  4- 6 |  7- 9 | 10-12 || total
-------------------------+-------+-------+-------+-------++-------
Melee: Unarmed           |    64 |   114 |   296 |    55 ||   529
Invok: Divine Shield     |       |     1 |     6 |       ||     7
Evoke: Wand              |       |     1 |       |       ||     1
  Use: Scroll            |       |       |     4 |       ||     4
       Potion            |       |       |     5 |     1 ||     6
